[Event "Galicia-ch U18 2021"]
[Site "Padron"]
[Date "2021.04.01"]
[Round "1.5"]
[White "Perez Dapoza, Cesar"]
[Black "Fernandez Lopez, Ricardo"]
[Result "0-1"]
[ECO "A04"]
[WhiteElo "1885"]
[BlackElo "1579"]
[Annotator "NA RC"]
[PlyCount "54"]
[EventDate "2021.04.02"]
[EventType "swiss"]
[EventCountry "ESP"]
[SourceTitle "playchess.com"]
[Source "ChessBase"]
[SourceQuality "1"]
[TimeControl "5400+30"]

1. Nf3 f5 2. c4 Nf6 3. d4 e6 4. g3 c6 5. Bg2 d5 6. Qc2 Bd6 7. O-O O-O 8. Nc3 Ne4 9. c5 Bc7 10. Rb1 Nd7 11. b4 e5 12. dxe5 Nxe5 13. Rd1 Ng4 14. Nxe4 fxe4 15. Ng5 Nxf2 16. Rf1 Ng4 17. Bxe4 Rxf1+ 18. Kxf1 dxe4 19. Qc4+ Qd5 20. Qxd5+ cxd5 21. Kg2 Bf5 22. b5 Ne5 23. Bf4 Rc8 24. Rd1 Nc4 25. Bc1 Rd8 26. Rf1 Rf8 27. a4 h6 0-1

[Event "Galicia-ch U18 2021"]
[Site "Padron"]
[Date "2021.04.01"]
[Round "1.6"]
[White "Vazquez Velasco, Adrian"]
[Black "Reboredo Martinez, Claudio"]
[Result "0-1"]
[ECO "B21"]
[WhiteElo "1541"]
[BlackElo "1880"]
[Annotator "NA RC"]
[PlyCount "99"]
[EventDate "2021.04.02"]
[EventType "swiss"]
[EventCountry "ESP"]
[SourceTitle "playchess.com"]
[Source "ChessBase"]
[SourceQuality "1"]
[TimeControl "5400+30"]

1. e4 c5 2. d4 cxd4 3. c3 d3 4. Bxd3 Nc6 5. Nf3 d6 6. h3 g6 7. O-O Bg7 8. c4 Nf6 9. Nc3 O-O 10. Be3 Nd7 11. Qd2 Nc5 12. Bh6 Ne5 13. Nxe5 dxe5 14. Bxg7 Kxg7 15. Rfd1 b6 16. b4 Qxd3 17. Qxd3 Nxd3 18. Rxd3 Be6 19. Nd5 Rac8 20. Rc1 Rfd8 21. Rcc3 Kf8 22. a3 Rc6 23. Nc7 Rxd3 24. Nxe6+ fxe6 25. Rxd3 Rxc4 26. f3 a5 27. Rb3 a4 28. Rd3 Ke8 29. Kf1 Rc2 30. Rd1 Rc3 31. Ra1 Kf7 32. Ra2 Kf6 33. Kf2 h5 34. h4 g5 35. Kg3 Kg6 36. Kh3 Rc1 37. hxg5 Kxg5 38. Kh2 Kf4 39. Rf2 Ke3 40. Ra2 Kd3 41. g4 hxg4 42. fxg4 Kxe4 43. Re2+ Kf4 44. g5 Kxg5 45. Rxe5+ Kf6 46. Rb5 Rc6 47. Rh5 Rd6 48. Rh6+ Ke5 49. Rh5+ Kd4 50. Rh4+ 0-1

[Event "Galicia-ch U18 2021"]
[Site "Padron"]
[Date "2021.04.01"]
[Round "2.3"]
[White "Reboredo Martinez, Claudio"]
[Black "Rey Chimera, Luca"]
[Result "1/2-1/2"]
[ECO "C15"]
[WhiteElo "1880"]
[BlackElo "1639"]
[Annotator "NA RC"]
[PlyCount "70"]
[EventDate "2021.04.02"]
[EventType "swiss"]
[EventCountry "ESP"]
[SourceTitle "playchess.com"]
[Source "ChessBase"]
[SourceQuality "1"]
[TimeControl "5400+30"]

1. e4 e6 2. d4 d5 3. Nc3 Bb4 4. Bd2 dxe4 5. Qg4 Nf6 6. Qxg7 Rg8 7. Qh6 Rg6 8. Qh4 Rg4 9. Qh3 e5 10. dxe5 e3 11. Qxe3 Ne4 12. O-O-O Bc5 13. Qxe4 Rxe4 14. Nxe4 Be7 15. Bc3 Bg5+ 16. Nxg5 Qxg5+ 17. Bd2 Qg6 18. Nf3 Nc6 19. Bd3 Qg7 20. Bg5 Be6 21. Bb5 a6 22. Bxc6+ bxc6 23. Rd2 Bd5 24. Rhd1 f6 25. Bxf6 Qg4 26. Rd4 Qxg2 27. Nh4 Qxf2 28. c4 Rb8 29. R1d2 Qe1+ 30. Rd1 Qe3+ 31. Kb1 Qe2 32. R1d2 Qe1+ 33. Rd1 Qc3 34. b3 Rxb3+ 35. axb3 Qxb3+ 1/2-1/2

[Event "Galicia-ch U18 2021"]
[Site "Padron"]
[Date "2021.04.01"]
[Round "2.4"]
[White "Quintas Fernandez, Paula"]
[Black "Martinez Montes, Juan Manuel"]
[Result "0-1"]
[ECO "B23"]
[WhiteElo "1671"]
[BlackElo "1873"]
[Annotator "NA RC"]
[PlyCount "82"]
[EventDate "2021.04.02"]
[EventType "swiss"]
[EventCountry "ESP"]
[SourceTitle "playchess.com"]
[Source "ChessBase"]
[SourceQuality "1"]
[TimeControl "5400+30"]

1. e4 c5 2. Nc3 d6 3. Bc4 Nc6 4. f4 Nf6 5. d3 g6 6. Nf3 Bg7 7. O-O O-O 8. a3 a6 9. Qe1 b5 10. Bb3 Qb6 11. Kh1 Bb7 12. Qh4 Nd4 13. Nxd4 cxd4 14. Ne2 e6 15. Qf2 Nd7 16. f5 d5 17. exd5 exf5 18. Bf4 Qc5 19. d6 Rac8 20. Rac1 Bd5 21. Bxd5 Qxd5 22. b3 Rc6 23. Ng3 Rfc8 24. Qd2 Be5 25. Bxe5 Qxe5 26. Ne2 Qxd6 27. b4 Nf6 28. Qf4 Qxf4 29. Rxf4 Rxc2 30. Rxc2 Rxc2 31. Ng1 Ng4 32. h3 Nf2+ 33. Kh2 Nxd3 34. Rxd4 Rc3 35. Nf3 Rxa3 36. Nd2 Ne5 37. Rd5 Rd3 38. Rxe5 Rxd2 39. Re8+ Kg7 40. Ra8 Ra2 41. Kg3 Ra4 0-1

[Event "Galicia-ch U18 2021"]
[Site "Padron"]
[Date "2021.04.01"]
[Round "2.5"]
[White "Alvarez Pampillon, Antonio"]
[Black "Vazquez Porta, Andres"]
[Result "0-1"]
[ECO "D05"]
[WhiteElo "1860"]
[BlackElo "1580"]
[Annotator "NA RC"]
[PlyCount "92"]
[EventDate "2021.04.02"]
[EventType "swiss"]
[EventCountry "ESP"]
[SourceTitle "playchess.com"]
[Source "ChessBase"]
[SourceQuality "1"]
[TimeControl "5400+30"]

1. d4 Nf6 2. Nf3 d5 3. e3 e6 4. Bd3 Bd6 5. O-O O-O 6. b3 b6 7. Bb2 Bb7 8. c4 Nbd7 9. Nc3 a6 10. Re1 Ne4 11. Qc2 f5 12. Ne5 Nxe5 13. dxe5 Bxe5 14. Nxe4 Bxb2 15. Qxb2 fxe4 16. Bf1 Qf6 17. Qxf6 Rxf6 18. c5 Raf8 19. Re2 e5 20. Rc1 d4 21. c6 Bxc6 22. exd4 exd4 23. Rec2 d3 24. Rd2 Bb5 25. a4 Bc6 26. f3 exf3 27. Bxd3 fxg2 28. Rdc2 Bd5 29. b4 c6 30. Bxa6 b5 31. Rxg2 Bxg2 32. Kxg2 bxa4 33. Ra1 Rg6+ 34. Kh1 Rg4 35. Rxa4 Rb8 36. Be2 Rgxb4 37. Ra7 Rf8 38. Bh5 g6 39. Be2 Rf2 40. Ra8+ Kg7 41. Ra1 Rxe2 42. h4 Rxh4+ 43. Kg1 Rhe4 44. Ra6 Re6 45. Kh1 Rb2 46. Ra1 c5 0-1

[Event "Galicia-ch U18 2021"]
[Site "Padron"]
[Date "2021.04.01"]
[Round "2.6"]
[White "Reza Salgado, Marcos"]
[Black "Quintas Fernandez, Marta"]
[Result "1-0"]
[ECO "D03"]
[WhiteElo "1660"]
[BlackElo "1788"]
[Annotator "NA RC"]
[PlyCount "105"]
[EventDate "2021.04.02"]
[EventType "swiss"]
[EventCountry "ESP"]
[SourceTitle "playchess.com"]
[Source "ChessBase"]
[SourceQuality "1"]
[TimeControl "5400+30"]

1. d4 d5 2. Nf3 Nf6 3. Bg5 e6 4. Nbd2 Be7 5. e3 b6 6. Bd3 Bb7 7. O-O Nbd7 8. Qe2 Ne4 9. Bxe7 Qxe7 10. c3 O-O 11. Rfd1 c5 12. a4 Nxd2 13. Rxd2 c4 14. Bc2 a6 15. e4 b5 16. exd5 Bxd5 17. Ne5 f6 18. Ng4 Rfe8 19. Ne3 Bc6 20. h3 Nb6 21. axb5 axb5 22. Re1 Qb7 23. Qg4 Rad8 24. Rde2 Bd7 25. Qh5 h6 26. Nf5 Bc8 27. Nd6 Qc6 28. Qf7+ Kh8 29. Nxe8 Qxe8 30. Qxe8+ Rxe8 31. Bf5 Nd5 32. g3 Nc7 33. Be4 Rd8 34. Ra1 Ba6 35. Rd2 Rd6 36. f4 f5 37. Bf3 g6 38. Re2 Kg7 39. Re5 Kf6 40. Rc5 Nd5 41. Bxd5 exd5 42. Rc7 g5 43. Re1 gxf4 44. gxf4 Kg6 45. Kf2 Rb6 46. Rg1+ Kh5 47. Rf7 Bc8 48. Rg8 Rc6 49. Rff8 Bd7 50. Rg7 Bc8 51. Kg3 b4 52. Rh8 bxc3 53. Rg5# 1-0

[Event "Galicia-ch U18 2021"]
[Site "Padron"]
[Date "2021.04.02"]
[Round "3.4"]
[White "Rey Chimera, Luca"]
[Black "Gonzalez Taboada, Lorenzo"]
[Result "0-1"]
[ECO "B28"]
[WhiteElo "1639"]
[BlackElo "1609"]
[Annotator "NA"]
[PlyCount "64"]
[EventDate "2021.04.02"]
[EventType "swiss"]
[EventCountry "ESP"]
[SourceTitle "playchess.com"]
[Source "ChessBase"]
[SourceQuality "1"]
[TimeControl "5400+30"]

1. e4 c5 2. Nf3 a6 3. d4 cxd4 4. Nxd4 Nf6 5. Nc3 e5 6. Nf3 Bb4 7. Bc4 Qc7 8. Qd3 b5 9. Bd5 Nxd5 10. exd5 d6 11. O-O Bxc3 12. bxc3 Bb7 13. Ba3 Nd7 14. Ng5 Nf6 15. f4 O-O-O 16. fxe5 dxe5 17. d6 Qc6 18. Qh3+ Rd7 19. Rae1 Re8 20. Rf2 Kb8 21. Rf5 h6 22. Rxf6 gxf6 23. Ne4 Rg8 24. Re2 Qc4 25. Ng3 Bc6 26. Rf2 Qxc3 27. Bc1 Rxd6 28. Qxh6 Rd1+ 29. Nf1 Qe1 30. Qxf6 Qe4 31. Bg5 Qd4 32. Bd2 Rxg2+ 0-1

[Event "Galicia-ch U18 2021"]
[Site "Padron"]
[Date "2021.04.02"]
[Round "3.5"]
[White "Ferreno Sanmartin, Angel"]
[Black "Reboredo Martinez, Claudio"]
[Result "1-0"]
[ECO "A05"]
[WhiteElo "2152"]
[BlackElo "1880"]
[Annotator "ChessBase"]
[PlyCount "61"]
[EventDate "2021.04.02"]
[EventType "swiss"]
[EventCountry "ESP"]
[SourceTitle "playchess.com"]
[Source "ChessBase"]
[SourceQuality "1"]
[TimeControl "5400+30"]

1. Nf3 Nf6 2. c4 g6 3. g3 Bg7 4. Bg2 O-O 5. O-O c5 6. d4 cxd4 7. Nxd4 Nc6 8. Nc3 Ng4 9. Nc2 d6 10. h3 Nge5 11. Ne3 Be6 12. Ncd5 Na5 13. Qa4 Rc8 14. Nxe7+ Qxe7 15. Qxa5 b6 16. Nd5 Qd7 17. Qb5 Rxc4 18. Qxd7 Nxd7 19. Ne3 Rc5 20. Rb1 a5 21. b3 b5 22. Bb2 d5 23. Rfd1 Nb6 24. Bd4 Rc6 25. Bxg7 Kxg7 26. h4 Rd8 27. Rd4 Nc8 28. Rbd1 Ne7 29. Nxd5 Rcd6 30. e4 f5 31. Nf4 1-0

[Event "Galicia-ch U18 2021"]
[Site "Padron"]
[Date "2021.04.02"]
[Round "3.6"]
[White "Buitron Ramil, David"]
[Black "Quintas Fernandez, Paula"]
[Result "1-0"]
[ECO "C44"]
[WhiteElo "1934"]
[BlackElo "1671"]
[Annotator "ChessBase"]
[PlyCount "37"]
[EventDate "2021.04.02"]
[EventType "swiss"]
[EventCountry "ESP"]
[SourceTitle "playchess.com"]
[Source "ChessBase"]
[SourceQuality "1"]
[TimeControl "5400+30"]

1. e4 e5 2. Nf3 Nc6 3. d4 exd4 4. Bc4 Bc5 5. c3 d6 6. cxd4 Bb4+ 7. Bd2 Bxd2+ 8. Nbxd2 Qf6 9. O-O Nxd4 10. Nxd4 Qxd4 11. Qa4+ Ke7 12. Nf3 Qb6 13. e5 Be6 14. exd6+ cxd6 15. Rfe1 h6 16. Bxe6 fxe6 17. Qg4 Kf8 18. Nh4 Nf6 19. Qxe6 1-0

[Event "Galicia-ch U18 2021"]
[Site "Padron"]
[Date "2021.04.02"]
[Round "4.1"]
[White "Bringas Gomez, Artai"]
[Black "Rodriguez Ferreiros, Andres"]
[Result "1/2-1/2"]
[ECO "D00"]
[WhiteElo "2120"]
[BlackElo "2123"]
[Annotator "NA"]
[PlyCount "57"]
[EventDate "2021.04.02"]
[EventType "swiss"]
[EventCountry "ESP"]
[SourceTitle "playchess.com"]
[Source "ChessBase"]
[SourceQuality "1"]
[TimeControl "5400+30"]

1. d4 d5 2. Bg5 f6 3. Bh4 c5 4. Nc3 Bf5 5. e3 cxd4 6. exd4 e6 7. Bd3 Ne7 8. g4 Bxd3 9. Qxd3 Nbc6 10. O-O-O h5 11. gxh5 Nf5 12. Bg3 Rxh5 13. Qe2 g6 14. Qxe6+ Qe7 15. Qxe7+ Ncxe7 16. Nf3 Kf7 17. Ne2 Bh6+ 18. Kb1 Re8 19. Nf4 Nxg3 20. hxg3 Rxh1 21. Rxh1 Bxf4 22. gxf4 Nf5 23. Kc1 Re4 24. Rh7+ Ke6 25. Kd2 Rxf4 26. Ke2 Nd6 27. c3 g5 28. Ne1 Re4+ 29. Kf1 1/2-1/2

[Event "Galicia-ch U18 2021"]
[Site "Padron"]
[Date "2021.04.02"]
[Round "4.2"]
[White "Gonzalez Taboada, Lorenzo"]
[Black "Martinez Montes, Juan Manuel"]
[Result "1-0"]
[ECO "B92"]
[WhiteElo "1609"]
[BlackElo "1873"]
[Annotator "NA"]
[PlyCount "89"]
[EventDate "2021.04.02"]
[EventType "swiss"]
[EventCountry "ESP"]
[SourceTitle "playchess.com"]
[Source "ChessBase"]
[SourceQuality "1"]
[TimeControl "5400+30"]

1. e4 c5 2. Nf3 d6 3. d4 cxd4 4. Nxd4 Nf6 5. Nc3 a6 6. Be2 e5 7. Nb3 Be7 8. O-O Be6 9. Be3 O-O 10. f4 Nbd7 11. f5 Bxb3 12. axb3 Nb6 13. Bf3 Rc8 14. Rc1 Rc6 15. Kh1 Nfd7 16. Nd5 Bg5 17. Qe2 Bxe3 18. Nxe3 Qc7 19. g3 a5 20. Ra1 Ra8 21. Bg4 Nf6 22. Bf3 a4 23. bxa4 Nc4 24. Nd5 Nxd5 25. exd5 Rca6 26. b3 Nb6 27. f6 g6 28. Be4 Qc3 29. Rac1 Qc8 30. Qe3 Qd8 31. h4 Nd7 32. Qg5 Nc5 33. Bf5 Qf8 34. Rf2 Kh8 35. Bd3 Nxd3 36. cxd3 Rc8 37. Rxc8 Qxc8 38. Qh6 Qg8 39. Rc2 Ra8 40. Rc7 b5 41. axb5 g5 42. Qxg5 Qxg5 43. hxg5 h6 44. g6 fxg6 45. b6 1-0

[Event "Galicia-ch U18 2021"]
[Site "Padron"]
[Date "2021.04.02"]
[Round "4.3"]
[White "Bastos Gonzalez, Gonzalo"]
[Black "Ferreno Sanmartin, Angel"]
[Result "0-1"]
[ECO "A37"]
[WhiteElo "1685"]
[BlackElo "2152"]
[Annotator "ChessBase"]
[PlyCount "88"]
[EventDate "2021.04.02"]
[EventType "swiss"]
[EventCountry "ESP"]
[SourceTitle "playchess.com"]
[Source "ChessBase"]
[SourceQuality "1"]
[TimeControl "5400+30"]

1. Nf3 c5 2. c4 Nc6 3. Nc3 g6 4. g3 Bg7 5. Bg2 e5 6. O-O Nge7 7. d3 d6 8. Rb1 O-O 9. a3 a5 10. Ne1 Be6 11. Nc2 d5 12. cxd5 Nxd5 13. Nxd5 Bxd5 14. Bxd5 Qxd5 15. Ne3 Qe6 16. Re1 b5 17. a4 Qa2 18. Bd2 bxa4 19. Ra1 Qxb2 20. Nc4 Qb7 21. Rxa4 Qc7 22. Qb3 Rfb8 23. Qa3 Rb5 24. Bc3 Nd4 25. Rxa5 Rbxa5 26. Bxa5 Qa7 27. Qb2 e4 28. Qb1 Rb8 29. Bb6 Qa4 30. Kg2 exd3 31. Qxd3 Qc6+ 32. f3 Rxb6 33. Nxb6 Qxb6 34. Rb1 Qc7 35. Qe4 Qe5 36. Qa8+ Bf8 37. e4 Qh5 38. g4 Qg5 39. Rb8 Ne6 40. Qa2 Qf4 41. Rb3 Bd6 42. Kf1 Qxh2 43. Qxh2 Bxh2 44. Ke2 Nd4+ 0-1

[Event "Galicia-ch U18 2021"]
[Site "Padron"]
[Date "2021.04.02"]
[Round "4.4"]
[White "Vazquez Gomez, Marcos"]
[Black "Buitron Ramil, David"]
[Result "0-1"]
[ECO "C00"]
[WhiteElo "1761"]
[BlackElo "1934"]
[Annotator "NA"]
[PlyCount "106"]
[EventDate "2021.04.02"]
[EventType "swiss"]
[EventCountry "ESP"]
[SourceTitle "playchess.com"]
[Source "ChessBase"]
[SourceQuality "1"]
[TimeControl "5400+30"]

1. e4 e6 2. d3 d5 3. Nd2 Nf6 4. Ngf3 Bc5 5. e5 Nfd7 6. d4 Be7 7. g3 c5 8. c3 Nc6 9. Bg2 Qb6 10. Nb3 cxd4 11. cxd4 a5 12. Be3 a4 13. Nbd2 Qxb2 14. O-O Qc3 15. Qe2 Qa5 16. a3 Qa6 17. Qd1 O-O 18. h4 b5 19. Ng5 h6 20. Qh5 hxg5 21. hxg5 g6 22. Qh6 Re8 23. Kh2 Bf8 24. Qh4 Nb6 25. Rh1 Nc4 26. Kg1 Bg7 27. Qh7+ Kf8 28. Nf3 Nxe3 29. fxe3 Qa5 30. Nh4 Ne7 31. Rf1 Qc3 32. Nxg6+ Nxg6 33. Qxg6 Qxe3+ 34. Kh2 Ra7 35. Rf6 Qxd4 36. Rhf1 Ree7 37. Bf3 Bxf6 38. Qxf6 Ke8 39. Bh5 Qb2+ 40. Kh3 Qxa3 41. Qh8+ Kd7 42. Bxf7 Bb7 43. g6 Qd3 44. Rf6 Ra8 45. g7 Qb1 46. Kg4 Qe4+ 47. Kg5 Qxe5+ 48. Kg6 Qxg3+ 49. Kh7 Qh4+ 50. Rh6 Rxh8+ 51. gxh8=Q Rxf7+ 52. Kg6 Qf4 53. Rh5 d4 0-1

[Event "Galicia-ch U18 2021"]
[Site "Padron"]
[Date "2021.04.02"]
[Round "4.5"]
[White "Reza Salgado, Marcos"]
[Black "Perez Dapoza, Cesar"]
[Result "0-1"]
[ECO "D05"]
[WhiteElo "1660"]
[BlackElo "1885"]
[Annotator "NA"]
[PlyCount "66"]
[EventDate "2021.04.02"]
[EventType "swiss"]
[EventCountry "ESP"]
[SourceTitle "playchess.com"]
[Source "ChessBase"]
[SourceQuality "1"]
[TimeControl "5400+30"]

1. Nf3 d5 2. d4 e6 3. e3 Nf6 4. Bd3 Nbd7 5. Nbd2 b6 6. b3 Bb7 7. Bb2 Ne4 8. c4 Bd6 9. O-O O-O 10. Qe2 f5 11. Ne5 Nxd2 12. Qxd2 Nxe5 13. dxe5 Bc5 14. Rfd1 Qg5 15. g3 Rad8 16. f4 Qh6 17. Qe1 Qh5 18. Bd4 dxc4 19. Be2 Qe8 20. Bxc5 Qc6 21. Qf1 Qh1+ 22. Kf2 Qxh2+ 23. Ke1 Qxg3+ 24. Qf2 Qxf2+ 25. Kxf2 bxc5 26. Bxc4 Kf7 27. Rac1 Be4 28. Rxd8 Rxd8 29. Bf1 Rd2+ 30. Kg3 Rc2 31. Rd1 Ke7 32. Bb5 Bd5 33. a4 Rc3 0-1

[Event "Galicia-ch U18 2021"]
[Site "Padron"]
[Date "2021.04.02"]
[Round "4.6"]
[White "Alvarez Pampillon, Antonio"]
[Black "Reza Salgado, Miguel"]
[Result "1-0"]
[ECO "A14"]
[WhiteElo "1860"]
[BlackElo "1718"]
[Annotator "NA"]
[PlyCount "81"]
[EventDate "2021.04.02"]
[EventType "swiss"]
[EventCountry "ESP"]
[SourceTitle "playchess.com"]
[Source "ChessBase"]
[SourceQuality "1"]
[TimeControl "5400+30"]

1. g3 Nf6 2. Bg2 d5 3. c4 e6 4. Nf3 Be7 5. O-O O-O 6. Nc3 d4 7. Nb1 c5 8. d3 Nc6 9. Na3 a6 10. Nc2 e5 11. Rb1 Qc7 12. a3 Rb8 13. b4 cxb4 14. Nxb4 Bxb4 15. axb4 b5 16. e3 bxc4 17. exd4 Bf5 18. Nxe5 Nxd4 19. Nxc4 Ne6 20. Bb2 Rxb4 21. Ne3 Rfb8 22. Rc1 Qd8 23. Bxf6 Qxf6 24. Nd5 Qd8 25. Nxb4 Rxb4 26. Rc4 Rb8 27. Be4 Bh3 28. Bg2 Bf5 29. d4 h6 30. d5 Nc7 31. Qf3 Qd7 32. Rxc7 Qxc7 33. Qxf5 Rd8 34. Qb1 a5 35. Rc1 Qd6 36. Rc6 Qa3 37. d6 a4 38. d7 Qe7 39. Bh3 a3 40. Rc8 g6 41. Qb8 1-0

[Event "Galicia-ch U18 2021"]
[Site "Padron"]
[Date "2021.04.03"]
[Round "5.2"]
[White "Buitron Ramil, David"]
[Black "Bringas Gomez, Artai"]
[Result "1-0"]
[ECO "B07"]
[WhiteElo "1934"]
[BlackElo "2120"]
[Annotator "NA"]
[PlyCount "103"]
[EventDate "2021.04.02"]
[EventType "swiss"]
[EventCountry "ESP"]
[SourceTitle "playchess.com"]
[Source "ChessBase"]
[SourceQuality "1"]
[TimeControl "5400+30"]

1. e4 d6 2. d4 Nf6 3. Nc3 e5 4. Nge2 Nc6 5. f3 g6 6. Be3 Bg7 7. Qd2 d5 8. exd5 Nxd5 9. Nxd5 Qxd5 10. Nc3 Qd8 11. d5 Nd4 12. O-O-O Nf5 13. Bb5+ Bd7 14. Bg5 f6 15. g4 Nd4 16. Bxd7+ Qxd7 17. Be3 O-O 18. Bxd4 exd4 19. Qxd4 f5 20. Qc4 b5 21. Nxb5 Kh8 22. Qc6 Qe7 23. Kb1 Rab8 24. c3 Qe2 25. a4 fxg4 26. Qxc7 a6 27. Rhe1 Qxf3 28. d6 axb5 29. d7 Rbd8 30. Rd2 Qf5+ 31. Ka1 Bf6 32. a5 b4 33. cxb4 Qb5 34. Qc5 Qa4+ 35. Kb1 Kg7 36. Re3 Bh4 37. Qd4+ Bf6 38. Qxg4 Bg5 39. Qd4+ Bf6 40. Qc4 Rxd7 41. Ra3 Rxd2 42. Rxa4 Rxb2+ 43. Kc1 Re8 44. Kd1 Rd8+ 45. Ke1 Re8+ 46. Kf1 Rd8 47. Ra1 Rdd2 48. Qc7+ Kh6 49. Qf4+ Bg5 50. Qf8+ Kh5 51. a6 Rxb4 52. Qxb4 1-0

[Event "Galicia-ch U18 2021"]
[Site "Padron"]
[Date "2021.04.03"]
[Round "5.4"]
[White "Perez Dapoza, Cesar"]
[Black "Alvarez Pampillon, Antonio"]
[Result "1-0"]
[ECO "A40"]
[WhiteElo "1885"]
[BlackElo "1860"]
[Annotator "NA"]
[PlyCount "109"]
[EventDate "2021.04.02"]
[EventType "swiss"]
[EventCountry "ESP"]
[SourceTitle "playchess.com"]
[Source "ChessBase"]
[SourceQuality "1"]
[TimeControl "5400+30"]

1. d4 g6 2. e4 c5 3. d5 d6 4. Bd2 Bg7 5. Bc3 Nf6 6. Nf3 O-O 7. Nbd2 Bg4 8. Bd3 Nbd7 9. h3 Bxf3 10. Qxf3 Rb8 11. a4 e6 12. O-O Ne8 13. Bxg7 Nxg7 14. Nc4 Qe7 15. dxe6 fxe6 16. Qg3 d5 17. exd5 exd5 18. Rae1 Qf6 19. Ne3 Qe5 20. Qxe5 Nxe5 21. Nxd5 Nxd3 22. cxd3 Rbd8 23. Re5 Rd6 24. Rfe1 Rfd8 25. Nf4 Rd4 26. g3 b6 27. Re7 Ra8 28. Rxg7+ Kxg7 29. Ne6+ Kf6 30. Nxd4 cxd4 31. Re4 Rc8 32. Rxd4 Ke6 33. Re4+ Kd6 34. Rd4+ Ke6 35. Rc4 Rxc4 36. dxc4 Ke5 37. f4+ Kd4 38. b3 a5 39. Kf2 Ke4 40. Ke2 h5 41. h4 Kd4 42. Kf3 Kc3 43. g4 hxg4+ 44. Kxg4 Kxb3 45. f5 gxf5+ 46. Kxf5 Kxa4 47. h5 Kb4 48. h6 Kxc4 49. h7 a4 50. h8=Q a3 51. Qa1 Kb3 52. Ke4 b5 53. Kd3 a2 54. Qc3+ Ka4 55. Qb2 1-0

[Event "Galicia-ch U18 2021"]
[Site "Padron"]
[Date "2021.04.03"]
[Round "5.5"]
[White "Sanroman Costas, Mauro"]
[Black "Diaz Gomez, Mateo"]
[Result "1-0"]
[ECO "B34"]
[WhiteElo "1784"]
[BlackElo "1776"]
[Annotator "NA RC"]
[PlyCount "65"]
[EventDate "2021.04.02"]
[EventType "swiss"]
[EventCountry "ESP"]
[SourceTitle "playchess.com"]
[Source "ChessBase"]
[SourceQuality "1"]
[TimeControl "5400+30"]

1. e4 c5 2. Nf3 Nc6 3. d4 cxd4 4. Nxd4 Nf6 5. Nc3 e5 6. Ndb5 d6 7. Nd5 Nxd5 8. exd5 Ne7 9. c3 Nf5 10. Qa4 Bd7 11. Qb4 a6 12. Na3 b5 13. Nc2 Be7 14. Bd3 Nh4 15. Ne3 f5 16. f4 a5 17. Qb3 exf4 18. Nd1 Nxg2+ 19. Kf2 Ne3 20. Nxe3 fxe3+ 21. Bxe3 f4 22. Bd4 Bh4+ 23. Ke2 f3+ 24. Kd1 O-O 25. Qc2 h6 26. Bh7+ Kh8 27. Bxg7+ Kxg7 28. Qg6+ Kh8 29. Bg8 Bf5 30. Qxh6+ Kxg8 31. Rg1+ Kf7 32. Rg7+ Ke8 33. Qh5+ 1-0

[Event "Galicia-ch U18 2021"]
[Site "Padron"]
[Date "2021.04.03"]
[Round "5.6"]
[White "Rey Chimera, Luca"]
[Black "Vazquez Porta, Andres"]
[Result "1/2-1/2"]
[ECO "B01"]
[WhiteElo "1639"]
[BlackElo "1580"]
[Annotator "NA RC"]
[PlyCount "56"]
[EventDate "2021.04.02"]
[EventType "swiss"]
[EventCountry "ESP"]
[SourceTitle "playchess.com"]
[Source "ChessBase"]
[SourceQuality "1"]
[TimeControl "5400+30"]

1. e4 d5 2. exd5 Nf6 3. Bb5+ Bd7 4. Bc4 c6 5. dxc6 Nxc6 6. Nf3 Qc7 7. d3 e6 8. Nc3 a6 9. h3 Bd6 10. Be3 b5 11. Bb3 Rc8 12. O-O Ne5 13. d4 Nxf3+ 14. Qxf3 Bc6 15. d5 Bb7 16. Bg5 Be5 17. Qe2 Bxc3 18. bxc3 Nxd5 19. c4 bxc4 20. Ba4+ Kf8 21. Qf3 Nb6 22. Qa3+ Qc5 23. Qxc5+ Rxc5 24. Rab1 Rxg5 25. Rxb6 Rxg2+ 26. Kh1 Bf3 27. Rb8+ Ke7 28. Rxh8 Rg3+ 1/2-1/2

[Event "Galicia-ch U18 2021"]
[Site "Padron"]
[Date "2021.04.03"]
[Round "6.1"]
[White "Perez Dapoza, Cesar"]
[Black "Rodriguez Ferreiros, Andres"]
[Result "1/2-1/2"]
[ECO "A06"]
[WhiteElo "1885"]
[BlackElo "2123"]
[Annotator "ChessBase"]
[PlyCount "87"]
[EventDate "2021.04.02"]
[EventType "swiss"]
[EventCountry "ESP"]
[SourceTitle "playchess.com"]
[Source "ChessBase"]
[SourceQuality "1"]
[TimeControl "5400+30"]

1. Nf3 d5 2. g3 Nf6 3. Bg2 c5 4. b3 Nc6 5. Bb2 e6 6. O-O Be7 7. d4 b6 8. dxc5 bxc5 9. c4 O-O 10. Ne5 Bb7 11. Nd2 Qb6 12. cxd5 exd5 13. Qb1 Rfd8 14. e4 Nxe5 15. Bxe5 Qe6 16. Bc7 Rd7 17. exd5 Bxd5 18. Re1 Qc6 19. Bxd5 Nxd5 20. Be5 Nb4 21. Bc3 Rad8 22. Nc4 Nd3 23. Ne5 Nxe5 24. Bxe5 Bf6 25. Bxf6 Qxf6 26. Qe4 g6 27. Qe5 Qxe5 28. Rxe5 Rd2 29. Rxc5 Re2 30. Rc3 Rdd2 31. Rf3 Rxa2 32. Rc1 Re7 33. Rcc3 Rb7 34. Rcd3 Kg7 35. Kg2 Rb2 36. Rc3 h5 37. h4 Rd2 38. Rce3 Kf8 39. Rf4 Rc7 40. Re6 Kg7 41. Ra6 Rb2 42. b4 Rb7 43. Kf3 Rb3+ 44. Kg2 1/2-1/2

[Event "Galicia-ch U18 2021"]
[Site "Padron"]
[Date "2021.04.03"]
[Round "6.2"]
[White "Gonzalez Taboada, Lorenzo"]
[Black "Buitron Ramil, David"]
[Result "1/2-1/2"]
[ECO "A48"]
[WhiteElo "1609"]
[BlackElo "1934"]
[Annotator "NA"]
[PlyCount "78"]
[EventDate "2021.04.02"]
[EventType "swiss"]
[EventCountry "ESP"]
[SourceTitle "playchess.com"]
[Source "ChessBase"]
[SourceQuality "1"]
[TimeControl "5400+30"]

1. d4 Nf6 2. Nf3 g6 3. e3 Bg7 4. b3 O-O 5. Bb2 d6 6. Bd3 Nfd7 7. O-O e5 8. dxe5 dxe5 9. e4 c6 10. Qe2 Qc7 11. Nbd2 h6 12. a4 Nc5 13. Bc4 Ne6 14. Bxe6 Bxe6 15. Nc4 Nd7 16. Ba3 Rfd8 17. Rad1 Nb6 18. Nxb6 Qxb6 19. Rxd8+ Rxd8 20. Rd1 f5 21. Rxd8+ Qxd8 22. Qd2 Qxd2 23. Nxd2 fxe4 24. Nxe4 Bf5 25. f3 Bf8 26. Bb2 Bg7 27. Ba3 Kf7 28. Kf2 Ke6 29. Ke3 b6 30. g4 Bxe4 31. Kxe4 Bf6 32. Bb2 b5 33. axb5 cxb5 34. Bc3 a6 35. h3 g5 36. Bb4 Bd8 37. Bc3 Bc7 38. b4 Bd6 39. Bd2 Be7 1/2-1/2

[Event "Galicia-ch U18 2021"]
[Site "Padron"]
[Date "2021.04.03"]
[Round "6.3"]
[White "Sanroman Costas, Mauro"]
[Black "Ferreno Sanmartin, Angel"]
[Result "0-1"]
[ECO "B93"]
[WhiteElo "1784"]
[BlackElo "2152"]
[Annotator "ChessBase"]
[PlyCount "97"]
[EventDate "2021.04.02"]
[EventType "swiss"]
[EventCountry "ESP"]
[SourceTitle "playchess.com"]
[Source "ChessBase"]
[SourceQuality "1"]
[TimeControl "5400+30"]

1. e4 c5 2. Nf3 d6 3. d4 cxd4 4. Nxd4 Nf6 5. Nc3 a6 6. f4 e5 7. Nf3 Nbd7 8. Bd3 b5 9. a3 Be7 10. O-O O-O 11. Kh1 Bb7 12. h3 Nh5 13. Kh2 Nxf4 14. Bxf4 exf4 15. Nd4 Bf6 16. Nf5 Be5 17. Qe1 Qg5 18. Qh4 Qxh4 19. Nxh4 Rac8 20. a4 Bxc3 21. bxc3 bxa4 22. c4 Nc5 23. Nf5 Rcd8 24. Ne7+ Kh8 25. Nd5 Bxd5 26. exd5 g5 27. g3 fxg3+ 28. Kxg3 Kg7 29. Kg4 h6 30. Rf5 Rde8 31. Rf2 Re3 32. Rf3 h5+ 33. Kg3 h4+ 34. Kf2 Rxf3+ 35. Kxf3 f5 36. Re1 Kf6 37. Rg1 Rb8 38. Ra1 Ke5 39. Ke3 f4+ 40. Kf3 Kd4 41. Ra3 Re8 42. Kg4 Re5 43. Bf1 Re3 44. Bd3 Rg3+ 45. Kf5 f3 46. Ra1 f2 47. Bf1 Re3 48. Rc1 Re1 49. c3+ 0-1